 Dungeon Crawl Stone Soup version 0.28.0 (webtiles) character file.

Game seed: 589844182448106257

25 Sharkman1231 the Conjurer (level 3, 0/19 HPs)
             Began as a Tengu Conjurer on Feb 8, 2022.
             Slain by a jackal (2 damage)
             ... on level 1 of the Dungeon.
             The game lasted 00:01:04 (519 turns).

Sharkman1231 the Conjurer (Tengu Conjurer)           Turns: 519, Time: 00:01:05

Health: 0/19       AC:  5    Str:  7    XL:     3   Next: 6%
Magic:  3/7        EV: 12    Int: 20    God:
Gold:   17         SH:  0    Dex: 12    Spells: 5/6 levels left

rFire   . . .      SeeInvis .   (no weapon)
rCold   . . .      Faith    .   (no shield)
rNeg    . . .      Spirit   .   a - +0 robe
rPois   .          Reflect  .   (helmet restricted)
rElec   .          Harm     .   (no cloak)
rCorr   .          Rampage  .   b - +2 pair of gloves
Will    .....                   (boots unavailable)
Stlth   ++........              (no amulet)
HPRegen 0.06/turn               (no ring)
MPRegen 0.10/turn               (no ring)

@: no status effects
A: beak, talons 3
a: no special abilities


You were on level 1 of the Dungeon.
You visited 1 branch of the dungeon, and saw 1 of its levels.

You collected 17 gold pieces.

Inventory:

Armour
 a - a +0 robe (worn)
 b - a +2 pair of gloves (worn)
Potions
 c - a potion of cancellation {unknown}


   Skills:
 + Level 2.6 Dodging
 - Level 2.0 Stealth
 + Level 2.3 Spellcasting
 * Level 6.0 Conjurations


You had 5 spell levels left.
You knew the following spells:

 Your Spells              Type           Power      Damage    Failure   Level
a - Magic Dart            Conj           100%       1d8       1%          1

Your spell library contained the following spells:

 Spells                   Type           Power      Damage    Failure   Level
 Searing Ray              Conj           52%        2d6       1%          2
 Dazzling Flash           Conj/Hex       28%        N/A       13%         3
 Fulminant Prism          Conj/Hex       7%         3d7       41%         4
 Iskenderun's Mystic Bla  Conj/Tloc      14%        2d5       41%         4


Dungeon Overview and Level Annotations

Branches:
Dungeon (1/15)

Altars:


Innate Abilities, Weirdness & Mutations

You have a beak for a mouth.
You have claws for feet.


Message History

A jackal comes into view.
You closely miss the ball python.
The jackal barks!
Your kick misses the ball python. You peck the ball python.
The ball python is moderately wounded.
The ball python bites you but does no damage.
The ball python constricts you. The jackal barely misses you.
The jackal bites you.
A jackal comes into view.
You escape the ball python's grasp.
The jackal barely misses you. The jackal closely misses you.
The ball python closely misses you. The ball python grabs you.
The ball python constricts you. The jackal closely misses you.
You see here a jackal corpse.
You escape the ball python's grasp.
The jackal closely misses you. The jackal bites you.
The jackal barely misses you.
A hobgoblin comes into view.
The jackal barks!
Found a club.
The jackal barely misses you. The kobold closely misses you.
You aren't carrying any scrolls.
The jackal misses you. The jackal bites you. The kobold barely misses you.
The jackal closely misses you. The jackal barely misses you.
The jackal closely misses you. The ball python barely misses you. x2
The hobgoblin hits you. The jackal closely misses you.
You barely miss the jackal. You claw the jackal.
The jackal is heavily wounded.
The jackal barely misses you. The jackal bites you.
* * * LOW HITPOINT WARNING * * *
The jackal bites you.
* * * LOW HITPOINT WARNING * * *
The kobold misses you. The jackal closely misses you.
The hobgoblin closely misses you.
Unknown command.
You hit the jackal but do no damage. Your peck misses the jackal.
You punch the jackal.
The jackal is heavily wounded.
The jackal closely misses you. The jackal bites you.
You die...

## .. .)##.
.........
##########...#....
#......g@h......#.
#......hhh.........
#.....K.S...........
#...................
######..............
#####.##...........
#.....##........>..
#......h†..........
#†..#####......#.


You could see 4 jackals, a hobgoblin, a ball python and a kobold.

Vanquished Creatures
  A dart slug (D:1)
  An endoplasm (D:1)
  3 goblins (D:1)
  A hobgoblin (D:1)
  9 jackals (D:1)
  3 kobolds (D:1)
  A rat (D:1)
19 creatures vanquished.

Notes
Turn   | Place    | Note
-------+----------+-------------------------------------------
     0 | D:1      | Sharkman1231 the Tengu Conjurer began the quest for the
                  | Orb.
     0 | D:1      | Reached XP level 1. HP: 10/10 MP: 4/4
   130 | D:1      | Reached XP level 2. HP: 15/15 MP: 3/6
   498 | D:1      | Reached XP level 3. HP: 16/19 MP: 2/7
   502 | D:1      | Reached skill level 6 in Conjurations
   519 | D:1      | Slain by a jackal

Illustrated notes

Levels and vault maps discovered:
D:1:      sevenhm_arrival_forest_fort_small_4, layout_rooms

Skill      XL: |  1  2  3 |
---------------+----------+-----
Conjurations   | 6 |  6.0
Dodging        | |  2.6
Stealth        | |  2.0
Spellcasting   | |  2.3

Action                   || total
-------------------------++-------
Melee: Unarmed           ||    26
       Kick              ||     5
       Peck              ||     3
       Punch             ||     1
 Cast: Magic Dart        ||    36
Armor: Robe              ||    19
Dodge: Dodged            ||    52
